Map: Simulacrum LE

Players

soO - Winner!

  • Race: Zerg Zerg
  • Spawn Location: 11:00

INnoVation

  • Race: Terran Terran
  • League: Master
  • Spawn Location: 5:00

Event: Shopify TSL 5

VOD

Have the link to the VOD?

Description

Time

  • Played on: June 7, 2020, 10:49 a.m.
  • Length: 11:54

All games in this series

Show
View Real Time Build Order
Export as new Build Order

soO Zerg - Winner!

Build Orders: Hatch First, Muta Ling Bane 

Get SALT Encoding   

  12  0:00  Drone  
  13  0:12  Overlord  
  13  0:16  Drone  
  14  0:30  Drone x2  
  16  0:48  Hatchery  
  15  0:51  Drone  
  15  0:54  Drone  
  17  0:58  Drone  
  18  1:10  Extractor  
  17  1:13  Spawning Pool  
  17  1:16  Drone  
  17  1:20  Drone  
  18  1:27  Drone  
  19  1:38  Drone  
  20  1:49  Overlord  
  20  2:00  Queen x2  
  20  2:01  Zergling x4  
  26  2:14  Drone x2  
  26  2:15  Metabolic Boost  
  28  2:22  Drone x2  
  30  2:35  Queen  
  31  2:39  Queen  
  31  2:40  Overlord  
  31  2:44  Drone  
  34  2:45  Drone  
  35  3:00  Overlord, Drone x2  
  35  3:05  Drone  
  38  3:10  Drone x2  
  38  3:11  Drone  
  38  3:12  Drone  
  42  3:16  Lair  
  42  3:19  Drone x2  
  44  3:21  Drone  
  44  3:24  Extractor  
  44  3:28  Drone x3  
  44  3:32  Drone  
  48  3:43  Hatchery  
  48  3:46  Drone  
  49  3:48  Drone  
  49  3:50  Overlord  
  49  3:57  Drone x2  
  49  3:58  Overlord  
  51  4:05  Overlord  
  51  4:07  Queen  
  51  4:09  Baneling Nest  
  52  4:11  Drone x2  
  54  4:18  Spire  
  54  4:20  Extractor  
  54  4:21  Zergling x2, Extractor  
  52  4:25  Zergling x4  
  52  4:27  Drone  
  52  4:29  Zergling x2  
  52  4:30  Drone  
  52  4:31  Drone  
  58  4:35  Drone x2  
  60  4:38  Spore Crawler  
  60  4:40  Overseer  
  60  4:41  Drone  
  60  4:45  Drone  
  61  4:46  Queen  
  64  4:52  Drone  
  64  4:53  Drone x2  
  64  4:55  Zergling x2  
  64  4:56  Baneling x2  
  67  5:00  Overlord  
  67  5:03  Drone x2  
  69  5:09  Drone  
  69  5:13  Overlord  
  70  5:19  Spore Crawler, Drone  
  70  5:23  Overlord  
  70  5:29  Mutalisk  
  70  5:30  Spore Crawler, Mutalisk x3  
  70  5:32  Mutalisk  
  79  5:36  Mutalisk  
  79  5:38  Drone  
  79  5:39  Drone  
  79  5:40  Drone  
  79  5:41  Drone  
  85  5:43  Drone  
  85  5:44  Drone  
  85  5:47  Drone x2  
  82  5:59  Drone x3  
  82  6:01  Centrifical Hooks  
  82  6:03  Zerg Flyer Weapons Level 1  
  82  6:04  Drone x2  
  86  6:09  Drone  
  86  6:10  Drone  
  86  6:11  Extractor  
  87  6:13  Extractor, Drone x2  
  87  6:15  Evolution Chamber  
  87  6:17  Evolution Chamber  
  86  6:28  Drone x3  
  86  6:30  Mutalisk  
  86  6:31  Mutalisk x2  
  95  6:33  Drone x2  
  95  6:35  Drone  
  98  6:40  Drone x2  
  98  6:41  Drone x3  
  98  6:43  Spore Crawler, Drone  
  101  6:47  Zerg Ground Armor Level 1  
  101  6:48  Zerg Melee Weapons Level 1  
  101  6:54  Overlord  
  101  6:58  Zergling x2  
  102  7:01  Overlord  
  102  7:04  Hatchery  
  97  7:09  Overlord  
  97  7:10  Overlord  
  97  7:11  Baneling x4  
  97  7:14  Zergling x2  
  97  7:15  Zergling x12  
  104  7:23  Mutalisk x4  
  104  7:27  Overlord  
  104  7:28  Zergling x6  
  115  7:34  Overlord  
  115  7:39  Mutalisk, Baneling x7  
  115  7:40  Mutalisk  
  115  7:42  Hatchery  
  115  7:43  Zergling x8  
  122  7:53  Baneling x2  
  122  7:54  Zergling x8, Baneling  
  126  7:59  Mutalisk x2  
  126  8:04  Zergling x8  
  134  8:08  Baneling x2  
  129  8:22  Overseer  
  129  8:23  Zergling x2  
  129  8:24  Zergling x14  
  129  8:26  Baneling x8  
  137  8:29  Overlord  
  132  8:36  Zergling x16  
  132  8:49  Mutalisk x3  
  132  8:52  Zergling x10  
  140  8:56  Hatchery  
  135  9:04  Zergling x16  
  135  9:05  Zerg Melee Weapons Level 2, Zerg Ground Armor Level 2  
  143  9:14  Zergling x4  
  135  9:22  Zergling x2  
  135  9:23  Zergling x14, Pneumatized Carapace  
  135  9:25  Drone x3  
  135  9:30  Overseer, Baneling x6  
  138  9:45  Zergling x10  
  143  9:46  Overlord x3  
  143  9:47  Overlord  
  143  9:48  Baneling x4  
  143  9:49  Overlord  
  143  9:57  Overlord  
  143  10:05  Zergling x24  
  155  10:08  Zergling x4  
  155  10:09  Zergling x2  
  155  10:11  Baneling x2  
  158  10:18  Zergling x10  
  159  10:21  Zergling x4  
  159  10:29  Zergling x4  
  159  10:30  Baneling x4  
  159  10:31  Zergling x2  
  159  10:33  Overseer  
  161  10:36  Baneling x2  
  155  10:47  Zergling x2  
  155  10:48  Zergling x16  
  161  10:52  Mutalisk x2  
  158  10:58  Mutalisk  
  158  10:59  Mutalisk  
  162  11:06  Mutalisk x4  
  170  11:12  Baneling x13  
  170  11:15  Drone  
  170  11:17  Baneling x2  
  171  11:21  Zergling x14  
  171  11:23  Baneling  
  171  11:24  Baneling x7  
  171  11:25  Hatchery  
Show
View Real Time Build Order
Export as new Build Order

INnoVation Terran 

Build Orders: Reaper Expand, Hellion Banshee 

Get SALT Encoding   

  12  0:00  SCV  
  13  0:12  SCV  
  14  0:17  Supply Depot  
  14  0:25  SCV  
  15  0:38  SCV  
  15  0:40  Barracks  
  16  0:43  Refinery  
  16  0:50  SCV  
  17  1:02  SCV  
  18  1:14  SCV  
  19  1:27  Orbital Command, Reaper  
  20  1:40  Command Center  
  20  1:51  Supply Depot  
  20  1:52  SCV  
  21  1:59  Marine  
  22  2:05  SCV  
  22  2:08  Factory  
  23  2:15  Refinery  
  23  2:17  SCV  
  23  2:20  Barracks Reactor  
  24  2:29  SCV  
  25  2:41  SCV  
  26  2:52  Orbital Command  
  26  2:53  Starport, SCV  
  27  3:01  Hellion x2  
  27  3:04  Barracks Tech Lab  
  27  3:05  SCV  
  32  3:17  SCV  
  32  3:19  SCV  
  34  3:23  Hellion x2  
  34  3:26  Supply Depot  
  38  3:30  SCV  
  38  3:31  SCV  
  40  3:36  Cloaking Field, Banshee  
  43  3:41  Barracks Tech Lab  
  43  3:44  SCV x2  
  45  3:51  Hellion  
  45  3:52  Supply Depot, Hellion  
  49  3:56  SCV x2  
  51  4:03  Stimpack  
  51  4:12  Hellion  
  51  4:13  SCV  
  51  4:14  SCV, Hellion  
  51  4:16  Supply Depot  
  57  4:21  Banshee  
  60  4:25  SCV  
  60  4:26  SCV  
  62  4:33  Command Center  
  62  4:42  SCV x2  
  62  4:45  Factory Reactor  
  64  4:48  Supply Depot, Barracks  
  64  4:49  Marine  
  64  4:50  Barracks  
  65  4:55  SCV x2  
  67  5:01  Engineering Bay x2  
  67  5:08  SCV x2  
  67  5:09  Refinery  
  67  5:11  Refinery  
  67  5:13  Starport Reactor  
  69  5:18  Marine  
  69  5:20  SCV x2  
  72  5:21  Supply Depot  
  72  5:28  Terran Infantry Armor Level 1, Terran Infantry Weapons Level 1  
  72  5:29  Factory Reactor  
  72  5:32  SCV  
  72  5:33  SCV  
  74  5:36  Marine x2  
  74  5:39  Barracks  
  76  5:44  Barracks  
  76  5:45  SCV x2  
  76  5:46  Orbital Command  
  76  5:50  Marine x3  
  79  6:00  Missile Turret  
  79  6:02  Marine x2  
  79  6:04  Missile Turret  
  81  6:06  Medivac x2  
  81  6:08  Combat Shield  
  83  6:12  Orbital Command, Widow Mine  
  83  6:14  Widow Mine  
  83  6:15  Missile Turret  
  86  6:22  Marine x3  
  86  6:23  SCV x2, Marine x2  
  91  6:28  Barracks Reactor  
  91  6:32  Supply Depot  
  91  6:33  Barracks Reactor, Armory  
  91  6:35  SCV  
  91  6:36  SCV  
  91  6:39  Widow Mine x2  
  97  6:43  Medivac  
  97  6:44  Medivac  
  96  6:47  SCV  
  96  6:48  SCV x2  
  98  6:59  SCV  
  98  7:00  SCV x2, Missile Turret  
  101  7:01  Marine  
  101  7:02  Marine  
  101  7:03  Marine x2  
  101  7:04  Supply Depot  
  101  7:06  Widow Mine x2  
  109  7:17  Supply Depot  
  109  7:25  Terran Infantry Weapons Level 2, SCV x3, Marine x5, Terran Infantry Armor Level 2  
  117  7:38  SCV x3, Widow Mine, Marine x3  
  125  7:46  Supply Depot  
  125  7:47  Supply Depot, Marine  
  125  7:49  Supply Depot  
  122  7:54  Medivac  
  122  7:57  Supply Depot  
  124  7:59  Supply Depot  
  124  8:00  Marine  
  125  8:07  Medivac, SCV, Marine  
  125  8:08  Widow Mine x2, Supply Depot, Marine x3, SCV x2  
  125  8:12  Marine x4  
  142  8:18  Marine  
  140  8:25  Marine  
  140  8:26  Marine x3  
  144  8:27  Factory  
  144  8:29  Widow Mine  
  144  8:30  Marine x3  
  141  8:35  Medivac  
  141  8:37  Medivac  
  141  8:39  Marine x2  
  145  8:43  Marine  
  145  8:44  Marine x3  
  132  8:50  Widow Mine x2  
  132  8:51  Marine x3  
  129  8:57  Marine x2  
  129  9:00  Marine  
  129  9:02  Marine x3  
  120  9:05  Medivac  
  120  9:07  Medivac  
  120  9:08  Marine  
  120  9:09  Marine x2  
  115  9:10  SCV x3, Factory Tech Lab  
  115  9:14  Marine  
  115  9:15  Marine  
  115  9:18  Marine  
  115  9:19  Marine x3  
  115  9:24  Missile Turret  
  115  9:28  Refinery  
  115  9:29  Refinery, Command Center  
  115  9:30  Missile Turret  
  115  9:36  Thor  
  115  9:37  Widow Mine  
  115  9:38  Widow Mine  
  123  9:40  Medivac  
  123  9:41  Medivac, Marine  
  128  9:46  Marine x6  
  134  9:55  Marine  
  134  9:56  Supply Depot, Marauder  
  134  9:57  Concussive Shells  
  134  9:59  Marine  
  138  10:02  Widow Mine x2  
  138  10:04  Marine x4  
  146  10:09  Orbital Command  
  140  10:15  Marine  
  140  10:16  Marine x2  
  140  10:17  Marine x2  
  139  10:22  Marine x2  
  139  10:24  Widow Mine x2  
  130  10:31  Marine x2  
  130  10:32  Medivac x2, Marine  
  130  10:33  Marine  
  130  10:34  Marine x2  
  130  10:35  SCV x3  
  123  10:50  Marine  
  123  10:51  Marine x7  
  123  10:52  Marine  
  123  10:53  SCV  
  123  10:55  Widow Mine  
  115  11:00  SCV  
  115  11:02  SCV  
  111  11:05  SCV  
  111  11:06  Medivac  
  111  11:08  Medivac  
  116  11:13  Planetary Fortress  
  116  11:14  SCV  
  116  11:15  SCV  
  118  11:19  Widow Mine  
  118  11:20  Widow Mine  
  110  11:33  Marine  
  110  11:34  Marine x5  
Tags
 
Add a new tag
Caveats
  • Supply blocks, unpowered buildings, or Contaminate may cause inaccurate times.
  • Supply counts are checked every 10 seconds.